 Dungeon Crawl Stone Soup version 0.21.1-1-g345015f (webtiles) character file.

28 HammerPanzer the Skirmisher (level 3, 2/29 HPs)
             Began as a Demonspawn Abyssal Knight on Apr 4, 2018.
             Was a Follower of Lugonu.
             Quit the game on level 2 of the Dungeon.
             The game lasted 00:02:43 (738 turns).

HammerPanzer the Skirmisher (DsAK)                   Turns: 738, Time: 00:02:43

Health: 2/29       AC:  4    Str: 13    XL:     3   Next: 0%
Magic:  4/4        EV: 11    Int: 13    God:    Lugonu [*.....]
Gold:   48         SH:  0    Dex: 12    Spells: 2/2 levels left

rFire    . . .     SeeInvis .   a - +1 falchion
rCold    . . .     Gourm    .   (no shield)
rNeg     . . .     Faith    .   b - +0 leather armour
rPois    .         Spirit   .   (no helmet)
rElec    .         Reflect  .   e - +0 cloak
rCorr    .         Harm     .   (no gloves)
MR       .....                  (no boots)
Stlth    +.........             (no amulet)
HPRegen  0.09/turn              (no ring)
MPRegen  0.09/turn              (no ring)

@: lethally poisoned (2 -> -4)
A: powered by pain 1
a: Depart the Abyss, Renounce Religion


You were on level 2 of the Dungeon.
You worshipped Lugonu.
Lugonu was aware of your devotion.
You were not hungry.

You visited 1 branch of the dungeon, and saw 2 of its levels.
You visited the Abyss 1 time.

You collected 48 gold pieces.

Inventory:

Hand Weapons
 a - a +1 falchion (weapon)
Armour
 b - a +0 leather armour (worn)
 e - a +0 cloak (worn)
Jewellery
 f - an uncursed ring of stealth {unknown}
Scrolls
 g - a scroll of identify {unknown}
Potions
 d - a potion of flight {unknown}
 i - a potion of lignification {unknown}
Comestibles
 c - 2 rations
 h - a chunk of flesh


   Skills:
 + Level 3.6 Fighting
 + Level 2.2 Long Blades
 + Level 1.9 Armour
 + Level 1.0 Dodging
 + Level 2.6 Invocations


You had 2 spell levels left.
You didn't know any spells.

Dungeon Overview and Level Annotations

Branches:
Dungeon (2/15)

Altars:


Innate Abilities, Weirdness & Mutations

You sometimes gain a little power by taking damage.


Message History

You feel sick. The bat hits you but does no damage. x2
The adder barely misses you.
You riposte.
You miss the adder. The goblin closely misses you.
You riposte.
You hit the goblin.
The goblin is severely wounded.
You closely miss the adder. The bat hits you.
* * * LOW HITPOINT WARNING * * *
The bat hits you but does no damage. The adder closely misses you.
The goblin barely misses you. The adder bites you but does no damage.
You miss the adder.
* * * LOW HITPOINT WARNING * * *
You feel sick. The bat hits you but does no damage. The adder bites you.
* * * LOW HITPOINT WARNING * * *
The goblin barely misses you.
You completely miss the adder.
* * * LOW HITPOINT WARNING * * *
You feel sick. The bat hits you but does no damage.
The adder bites you but does no damage. The goblin hits you with a club.
* * * LOW HITPOINT WARNING * * *
The adder bites you but does no damage.
Are you sure you want to abandon this character and quit the game? (Confirm with "yes".)

####### #.....#
#.....#
###.....#
......g.# #####
#...S@#......
#....<.......
......#.b......
#######........
#........
#........
....>....
....<....
#........


You could see an adder, a goblin and a bat.

Vanquished Creatures
  A dart slug (D:1)
  A leopard gecko (D:1)
  A ball python (D:1)
  4 goblins (D:1)
  3 hobgoblins (D:1)
  A jackal (D:1)
  2 bats
  A frilled lizard (D:1)
  5 kobolds (D:1)
  6 rats
25 creatures vanquished.

Notes
Turn   | Place    | Note
-------+----------+-------------------------------------------
     0 | Abyss:1  | HammerPanzer the Demonspawn Abyssal Knight began the quest for the Orb.
     0 | Abyss:1  | Reached XP level 1. HP: 18/18 MP: 2/2
    22 | D:1      | Escaped the Abyss
    46 | D:1      | Reached * piety under Lugonu
   263 | D:1      | Gained mutation: You sometimes gain a little power by taking damage. [demonic ancestry]
   263 | D:1      | Reached XP level 2. HP: 23/24 MP: 3/3
   485 | D:1      | Reached skill level 1 in Dodging
   734 | D:2      | Reached XP level 3. HP: 10/29 MP: 4/4
   738 | D:2      | Quit the game

Skill      XL: |  1  2 |
---------------+-------+-----
Long Blades    | 2 |  2.2
Dodging        | 1 |  1.0
Fighting       | |  3.6
Armour         | |  1.9
Invocations    | |  2.6

Action                   || total
-------------------------++-------
Melee: Falchion          ||    78
Invok: Depart the Abyss  ||     1
Armor: Leather armour    ||    38
Dodge: Dodged            ||    65
       Rpst.: Falchion   ||    17
